 Dungeon Crawl Stone Soup version 0.21-a0-504-g2eda330 (webtiles) character file.

1003 kae the Ruffian (level 8, -1/79 HPs)
             Began as a Troll Monk on Nov 26, 2017.
             Was a Believer of Wu Jian.
             Slain by a two-headed ogre
             ... wielding a +0 giant spiked club
              (19 damage)
             ... on level 5 of the Dungeon.
             The game lasted 00:06:05 (3319 turns).

kae the Ruffian (Troll Monk)                        Turns: 3319, Time: 00:06:06

Health: -1/79      AC:  6    Str: 20    XL:     8   Next: 0%
Magic:  7/7        EV: 12    Int:  6    God:    Wu Jian [**....]
Gold:   120        SH:  0    Dex: 14    Spells: 7/7 levels left

rFire    . . .     SeeInvis .     - Unarmed
rCold    + . .     Gourm    +   (no shield)
rNeg     . . .     Faith    .   a - +1 robe
rPois    .         Spirit   .   (helmet restricted)
rElec    .         Reflect  .   (no cloak)
rCorr    .         Harm     .   (gloves unavailable)
MR       .....                  (boots unavailable)
Stlth    ++........             (no amulet)
HPRegen  0.63/turn              d - ring of protection from cold
MPRegen  0.10/turn              (no ring)

@: no status effects
A: large, unfitting armour, claws 3, fast metabolism 3, gourmand, regeneration
1, shaggy fur 1, tough skin 2
a: Renounce Religion


You were on level 5 of the Dungeon.
You worshipped Wu Jian.
Wu Jian was pleased with you.
You were very full.

You visited 1 branch of the dungeon, and saw 5 of its levels.
You visited the Abyss 1 time.

You collected 210 gold pieces.
You spent 90 gold pieces at shops.

Inventory:

Armour
 a - a +1 robe (worn)
Jewellery
 d - a ring of protection from cold (left claw)
Wands
 k - a wand of enslavement (7)
Scrolls
 g - a scroll of enchant armour
 m - 3 scrolls of remove curse
Potions
 f - a potion of lignification
 j - 3 potions of flight
 l - a potion of mutation
 q - 3 potions of curing
 r - a potion of cancellation {unknown}
Comestibles
 b - 3 bread rations
 c - 3 royal jellies
 i - 2 meat rations


   Skills:
 + Level 4.4 Fighting
 + Level 4.5 Dodging
 - Level 1.0 Stealth
 * Level 7.2 Unarmed Combat


You had 7 spell levels left.
You didn't know any spells.

Dungeon Overview and Level Annotations

Branches:
Dungeon (5/15)
 Temple: D:4-7

Altars:
Ashenzari
Cheibriados
Dithmenos
Elyvilon
Makhleb
Nemelex Xobeh
Okawaru
Uskayaw
Wu Jian
Yredelemnul
Zin


Innate Abilities, Weirdness & Mutations

You are too large for most types of armour.
You have claws for hands.
Your metabolism is lightning-fast.
You like to eat raw meat.
Your natural rate of healing is unusually fast.
You are covered in fur. (AC +1)
You have very tough skin. (AC +2)


Message History

The Council accepts your kill.
You have reached level 8!
You start resting.
You are no longer corroded.
You start resting.
An orc wizard comes into view. It is wielding a dagger.
Things that are here:
a club; an orc corpse An orc wizard is nearby!
Found a bread ration.
You lunge at the two-headed ogre.
You claw the two-headed ogre!
The two-headed ogre is moderately wounded.
The two-headed ogre hits you with a giant spiked club!
The two-headed ogre hits you with a giant club!!
* * * LOW HITPOINT WARNING * * *
You spin and attack the two-headed ogre.
You scratch the two-headed ogre.
The two-headed ogre is moderately wounded.
The two-headed ogre hits you with a giant spiked club!!
You die...

.....#........# ... .#
.#...#........# .. ..#
..............+ .#...#
.#..##........####.#...#
.#..........................
.#.###........##......%.....
##.####†#+#+#.#+............
#...."#+ #.#..........
#....#....# #.#O@........
.... #....+#.#.#.#+#+#.# ...
#....#.#.#.#.#.#.# ..
#.....#.#.#.#)#.# .
#..#.#.#.#.#.#.#.#
#.#.#.#.#.#.#.#.#.#
#..#.#.#.#.#.# #.#.#
.#.#.#.#.# #.#.. .#.#.#.#
#.#..


You could see a two-headed ogre (pinned).

Vanquished Creatures
  An ice beast (D:5)
  An ogre (D:5)
  A centaur (D:3)
  A scorpion (D:4)
  A jelly (D:5)
  A bullfrog zombie (D:5)
  2 orc priests (D:5)
  3 hounds
  An iguana (D:5)
  3 orc wizards
  A worker ant (D:4)
  2 hound skeletons (D:5)
  16 gnolls
  5 adders
  An ooze (D:4)
  2 worms
  3 dart slugs
  A leopard gecko (D:4)
  18 orcs
  9 bats
  3 giant cockroaches
  9 goblins
  9 hobgoblins
  3 jackals (D:3)
  3 quokkas
  A frilled lizard (D:4)
  5 kobolds
  A leopard gecko skeleton (D:4)
  5 rats
112 creatures vanquished.

Vanquished Creatures (others)
  A quokka (D:2)
1 creature vanquished.

Grand Total: 113 creatures vanquished

Notes
Turn   | Place    | Note
-------+----------+-------------------------------------------
     0 | D:1      | kae the Troll Monk began the quest for the Orb.
     0 | D:1      | Reached XP level 1. HP: 22/22 MP: 0/0
   117 | D:1      | Reached XP level 2. HP: 29/29 MP: 1/1
   395 | D:2      | Found a sparkling altar of Nemelex Xobeh.
   398 | D:2      | Found a shadowy altar of Dithmenos.
   401 | D:2      | Found a basalt altar of Yredelemnul.
   485 | D:2      | Found a shattered altar of Ashenzari.
   566 | D:2      | Reached XP level 3. HP: 34/36 MP: 2/2
   671 | D:2      | Found a white marble altar of Elyvilon.
   718 | D:2      | Reached skill level 4 in Unarmed Combat
   868 | D:2      | Reached XP level 4. HP: 35/44 MP: 3/3
   946 | D:2      | Found an iron altar of Okawaru.
  1240 | D:3      | Reached XP level 5. HP: 38/53 MP: 4/4
  1241 | D:3      | Cast into level 1 of the Abyss (gnoll)
  1245 | D:3      | Escaped the Abyss
  1545 | D:3      | Found a snail-covered altar of Cheibriados.
  1587 | D:3      | Noticed a centaur
  1598 | D:3      | Killed a centaur
  1598 | D:3      | Reached skill level 5 in Unarmed Combat
  1598 | D:3      | Reached XP level 6. HP: 9/61 MP: 5/5
  1865 | D:3      | Found a hide-covered altar of Uskayaw.
  1986 | D:3      | Found an ornate altar of the Wu Jian Council.
  2124 | D:3      | Became a worshipper of the Wu Jian Council
  2124 | D:3      | Reached * piety under Wu Jian
  2124 | D:3      | Reached ** piety under Wu Jian
  2381 | D:4      | Found Zin's Purification Station.
  2386 | D:4      | Found a glowing silver altar of Zin.
  2401 | D:4      | Bought a potion of curing for 90 gold pieces
  2829 | D:4      | Found a burning altar of Makhleb.
  2893 | D:4      | Reached skill level 6 in Unarmed Combat
  2895 | D:4      | Reached XP level 7. HP: 66/68 MP: 6/6
  2964 | D:5      | Entered Level 5 of the Dungeon
  3075 | D:5      | Noticed a two-headed ogre
  3231 | D:5      | Reached skill level 7 in Unarmed Combat
  3260 | D:5      | Reached XP level 8. HP: 14/79 MP: 7/7
  3319 | D:5      | Slain by a two-headed ogre

Vault maps used:
D:1:      dpeg_arrival_rooms_b
D:2:      lemuel_doored_altar, elyvilon_altar_4, okawaru_ov_weapons_minmay,
          grunt_temple_overflow_diamond
D:3:      kennysheep_slug_shrine, overflow_temple_1_default, lemuel_round_altar
D:4:      lemuel_round_altar, zin_purify, st_stairs_10
D:5:      kennysheep_mini_moat, first_bread
Abyss:1:  hangedman_stitches_earthworm

Skill      XL: |  1  2  3  4  5  6  7 |
---------------+----------------------+-----
Unarmed Combat | 4 5 6 7 |  7.2
Dodging        | 3 4 |  4.5
Fighting       | 3 4 |  4.4
Stealth        | |  1.0

Action                   |  1- 3 |  4- 6 |  7- 9 || total
-------------------------+-------+-------+-------++-------
Melee: Unarmed           |    86 |   149 |    79 ||   314
       Punch             |     1 |     5 |     6 ||    12
  Use: Scroll            |     1 |     7 |     6 ||    14
       Potion            |       |     4 |     4 ||     8
 Stab: Sleeping          |       |     3 |       ||     3
  Eat: Chunk             |    13 |    17 |     5 ||    35
Armor: Robe              |    38 |    33 |    12 ||    83
       Skin              |       |    17 |       ||    17
Dodge: Dodged            |    44 |    69 |    73 ||   186

Table legend:
 A = Spawn XP
 B = Non-spawn XP
 C = Spawn XP percentage of total XP
 D = Spawn monster count
 E = Non-spawn monster count
 F = Spawn count percentage of total count
 G = Total turns spent on level
                    A         B        C        D         E        F      G
               +---------+---------+-------+---------+---------+-------+---------
         Total |       0 |    1434 |   0.0 |       0 |     112 |   0.0 |  3319
               +---------+---------+-------+---------+---------+-------+---------
           D:1 |       0 |      23 |   0.0 |       0 |      15 |   0.0 |   350
           D:2 |       0 |     134 |   0.0 |       0 |      30 |   0.0 |   770
           D:3 |       0 |     329 |   0.0 |       0 |      32 |   0.0 |  1208
           D:4 |       0 |     292 |   0.0 |       0 |      17 |   0.0 |   632
           D:5 |       0 |     656 |   0.0 |       0 |      18 |   0.0 |   355
               +---------+---------+-------+---------+---------+-------+---------
